 Dungeon Crawl Stone Soup version 0.28-a0-1382-g92835e5c71 (webtiles) character file.

Game seed: 8068037306004549785

49 Devinter the Slasher (level 3, 0/28 HPs)
             Began as a Demonspawn Gladiator on Jan 1, 2022.
             Succumbed to an adder's poison
             ... on level 2 of the Dungeon.
             The game lasted 00:09:12 (2145 turns).

Devinter the Slasher (Demonspawn Gladiator)         Turns: 2145, Time: 00:09:13

Health: 0/28       AC:  4    Str: 14    XL:     3   Next: 53%
Magic:  3/3        EV: 12    Int:  9    God:
Gold:   71         SH:  0    Dex: 16    Spells: 3/3 levels left

rFire   . . .      SeeInvis .   a - +0 long sword
rCold   . . .      Faith    .   (no shield)
rNeg    . . .      Spirit   .   b - +0 leather armour
rPois   .          Reflect  .   c - +0 helmet
rElec   .          Harm     .   (no cloak)
rCorr   .          Rampage  .   (no gloves)
Will    .....                   (no boots)
Stlth   +.........              (no amulet)
HPRegen 0.09/turn               m - ring of wizardry
MPRegen 0.08/turn               (no ring)

@: lethally poisoned (0 -> -7), hasted, very quick
A: weakness stinger 1
a: no special abilities


You were on level 2 of the Dungeon.
You visited 1 branch of the dungeon, and saw 2 of its levels.

You collected 71 gold pieces.

Inventory:

Hand Weapons
 a - a +0 long sword (weapon)
 g - a +2 dagger of electrocution
Missiles
 d - 3 throwing nets
 f - 16 poisoned darts (quivered)
 h - 71 stones
 j - 3 javelins
 l - 31 sling bullets
Armour
 b - a +0 leather armour (worn)
 c - a +0 helmet (worn)
Jewellery
 m - a ring of wizardry (left hand)
Scrolls
 i - 3 scrolls of identify {unknown}
 k - a scroll of fog {unknown}
 n - a scroll of amnesia {unknown}


   Skills:
 + Level 2.8 Fighting
 + Level 3.2 Long Blades
 - Level 2.0 Throwing
 - Level 3.0 Dodging
 + Level 0.6 Spellcasting


You had 3 spell levels left.
You didn't know any spells.
Your spell library contained the following spells:

 Spells                   Type           Power      Damage    Failure   Level
 Beastly Appendage        Tmut           0%         N/A       21%         1
 Wereblood                Tmut           0%         N/A       28%         2
 Spider Form              Tmut/Pois      0%         N/A       50%         3


Dungeon Overview and Level Annotations

Branches:
Dungeon (2/15)

Altars:

Shops:
D:1 *


Innate Abilities, Weirdness & Mutations

You have a small tail.


Message History

Things that are here:
a +0 dagger; a +0 hunting sling As you open the door, it creaks loudly!
You hear an angry hiss.
You hear a shout!
An adder comes into view.
Found a whip.
A goblin comes into view. It is wielding a +0 dagger.
Found a Trismegistus Codex.
The goblin shouts!
There is an open door here.
You closely miss the adder. The adder bites you. The adder misses you.
There is an open door here.
You closely miss the adder. The adder bites you.
You are poisoned.
The adder poisons you! The adder bites you.
You miss the adder.
You feel sick. The adder barely misses you.
You hit the adder but do no damage.
You feel sick. The adder bites you. x2
You hit the adder but do no damage.
You feel sick. The adder bites you.
* * * LOW HITPOINT WARNING * * *
You are more poisoned.
The adder poisons you! The adder misses you.
You miss the adder.
You feel sick. The adder bites you.
* * * LOW HITPOINT WARNING * * *
It was a potion of haste.
You feel yourself speed up.
You feel sick. The adder misses you. The adder bites you.
* * * LOW HITPOINT WARNING * * *
You slash the adder!
The adder is severely wounded.
You feel sick. The adder bites you.
* * * LOW HITPOINT WARNING * * *
You are more poisoned.
The adder poisons you!
You barely miss the adder.
The adder is severely wounded.
* * * LOW HITPOINT WARNING * * *
You feel sick. The adder barely misses you.
You slash the adder!
You kill the adder!
You die...

#.# #.# ## #.# .. #.#
.... #.# .#.#..... #.#
.>........ #.#
.#.#.#..... #.#######
............ #.....@.#
.#.#.#.#.....
#######†#..............
#......g...# #.#.#...##
#......................
#.:......)..###.#.#..#.
#...........# #.)#.
#...........# #..##
..###+#.....# #<.†. ..
#.....# .#####


You could see a goblin.

Vanquished Creatures
  2 adders (D:2)
  A worm (D:2)
  8 endoplasms
  7 goblins
  3 hobgoblins
  4 ball pythons
  3 bats
  6 kobolds
  2 rats
36 creatures vanquished.

Vanquished Creatures (others)
  A plant (D:1)
1 creature vanquished.

Grand Total: 37 creatures vanquished

Notes
Turn   | Place    | Note
-------+----------+-------------------------------------------
     0 | D:1      | Devinter the Demonspawn Gladiator began the quest for the
                  | Orb.
     0 | D:1      | Reached XP level 1. HP: 16/16 MP: 1/1
   305 | D:1      | Reached skill level 2 in Throwing
   305 | D:1      | Gained mutation: You have a small tail. [demonic ancestry]
   305 | D:1      | Reached XP level 2. HP: 10/22 MP: 2/2
   606 | D:1      | Reached skill level 3 in Long Blades
   739 | D:1      | Found Qeukhlik's General Store.
   799 | D:1      | Reached skill level 3 in Dodging
  1442 | D:2      | Reached XP level 3. HP: 20/28 MP: 3/3
  2144 | D:2      | HP: 1/28 [poisoned by an adder]
  2145 | D:2      | Succumbed to an adder's poison

Illustrated notes

Levels and vault maps discovered:
D:1:      nzn_arrival_settlement, layout_basic, serial_forest,
          infiniplex_forest_clump_medium, infiniplex_forest_lined_room_3,
          infiniplex_forest_zigzag_1, infiniplex_forest_clump_curved,
          infiniplex_forest_lined_3, infiniplex_forest_clump_curved,
          infiniplex_forest_diagonal, serial_shops, shop
D:2:      layout_basic, minmay_misc_feat_roman, serial_park_tiny_pond,
          st_stairs_2

Skill      XL: |  1  2 |
---------------+-------+-----
Throwing       | 2 |  2.0
Long Blades    | 3 |  3.2
Dodging        | 3 |  3.0
Fighting       | |  2.8
Spellcasting   | |  0.6

Action                   || total
-------------------------++-------
Melee: Long sword        ||   108
       Tailslap          ||     6
Throw: Dart              ||     5
  Use: Potion            ||     1
 Stab: Sleeping          ||     2
Armor: Leather armour    ||    26
Dodge: Dodged            ||    68

Table legend: (Time is in decaauts)
 A = Elapsed time spent in this place.
 B = Non-inter-level travel time spent in this place.
 C = Inter-level travel time spent in this place.
 D = Time resting spent in this place.
 E = Time spent auto-exploring this place.
 F = Levels seen in this place.
 G = Mean time per level.
                   A        B        C        D        E       F      G
               +--------+--------+--------+--------+--------+-----+--------+
         Total |   2171 |   2145 |     26 |    666 |    443 |   2 | 1085.5 |
       Dungeon |   2171 |   2145 |     26 |    666 |    443 |   2 | 1085.5 |
               +--------+--------+--------+--------+--------+-----+--------+

Top non-repeatable levels by time:
     D:1: 1350 daAuts
     D:2: 820 daAuts
